 Dungeon Crawl Stone Soup version 0.25-a0-842-g81a31cfd23 (webtiles) character file.

Game seed: 8742755056486204622, levelgen mode: deterministic

80 Esekla the Magician (level 4, -3/35 HPs)
             Began as a Draconian Wizard on Apr 24, 2020.
             Slain by a hound (4 damage)
             ... on level 4 of the Dungeon.
             The game lasted 00:32:51 (2238 turns).

Esekla the Magician (Draconian Wizard)              Turns: 2238, Time: 00:32:52

Health: -3/35      AC:  6    Str: 10    XL:     4   Next: 18%
Magic:  9/10       EV: 12    Int: 19    God:
Gold:   91         SH:  0    Dex:  9    Spells: 2/11 levels left

rFire    . . .     SeeInvis .   h - +0 long sword
rCold    . . .     Gourm    .   (no shield)
rNeg     . . .     Faith    .   (armour unavailable)
rPois    .         Spirit   .   a - +0 hat
rElec    .         Reflect  .   b - +0 cloak
rCorr    .         Harm     .   (no gloves)
MR       .....                  (no boots)
Stlth    ++........             (no amulet)
HPRegen  0.11/turn              (no ring)
MPRegen  0.12/turn              (no ring)

@: no status effects
A: unfitting armour, cold-blooded, AC +5
a: no special abilities


You were on level 4 of the Dungeon.
You were hungry.

You visited 1 branch of the dungeon, and saw 4 of its levels.

You collected 91 gold pieces.

Inventory:

Hand Weapons
 d - a +0 whip
 h - a +0 long sword (weapon)
Armour
 a - a +0 hat (worn)
 b - a +0 cloak (worn)
Scrolls
 e - a scroll of enchant weapon {unknown}
 f - 3 scrolls of identify {unknown}
 i - a scroll of random uselessness {unknown}
Potions
 g - a potion of invisibility {unknown}
 j - a potion of haste {unknown}
 k - a potion of degeneration {unknown}
Comestibles
 c - 2 rations
 l - 2 chunks of flesh


   Skills:
 * Level 1.0 Fighting
 * Level 1.0 Long Blades
 + Level 2.0 Dodging
 - Level 1.7 Stealth
 + Level 4.0 Spellcasting
 * Level 1.4 Conjurations
   Level 1.0 Summonings
 * Level 1.3 Translocations
 * Level 0.6 Fire Magic
 * Level 0.1 Poison Magic


You had 2 spell levels left.
You knew the following spells:

 Your Spells              Type           Power        Failure   Level  Hunger
a - Magic Dart            Conj           #...         8%          1    None
b - Blink                 Tloc           N/A          12%         2    ##.....
c - Mephitic Cloud        Conj/Pois/Air  #.......     32%         3    ###....
f - Conjure Flame         Conj/Fire      #.......     26%         3    ###....

Your spell library contained the following spells:

 Spells                   Type           Power        Failure   Level  Hunger
 Call Imp                 Summ           #.......     14%         2    ##.....
 Slow                     Hex            #.......     21%         2    ##.....


Dungeon Overview and Level Annotations

Branches:
Dungeon (4/15)
 Temple: D:4-7

Altars:
Ashenzari
Sif Muna
The Shining One


Innate Abilities, Weirdness & Mutations

Your plain brown scales are hard. (AC +5)
You cannot fit into any form of body armour.
You are cold-blooded and may be slowed by cold attacks.


Message History

The magic dart hits the hound.
The hound is lightly wounded.
The hound closely misses you.
You riposte.
You hit the hound.
The hound is heavily wounded.
You closely miss the hound.
The hound is heavily wounded.
The hound misses you.
You riposte.
You miss the hound.
The hound is heavily wounded.
The hound closely misses you.
You riposte.
You closely miss the hound.
The hound is heavily wounded.
You miss the hound.
The hound is heavily wounded.
The hound bites you.
* * * LOW HITPOINT WARNING * * *
The hound bites you.
* * * LOW HITPOINT WARNING * * *
You closely miss the hound.
The hound is heavily wounded.
The hound bites you but does no damage. The hound bites you.
You die...

..# #.#
#.# #.#
#.# #.#
#h#
#@#####
#.....#
#####.#
####.#
#....#
#.####
#.# #.#
#.#


You could see a hound.

Vanquished Creatures
  3 gnolls (D:3)
  4 oozes
  2 dart slugs
  A leopard gecko (D:3)
  5 bats
  4 giant cockroaches
  4 goblins
  4 hobgoblins
  6 kobolds
  A quokka (D:3)
  A ball python (D:2)
  A frilled lizard (D:1)
  3 rats
39 creatures vanquished.

Notes
Turn   | Place    | Note
-------+----------+-------------------------------------------
     0 | D:1      | Esekla the Draconian Wizard began the quest for the Orb.
     0 | D:1      | Reached XP level 1. HP: 14/14 MP: 4/4
   551 | D:1      | Reached XP level 2. HP: 18/20 MP: 0/6
   889 | D:2      | Found a glowing golden altar of the Shining One.
   991 | D:2      | Found a shimmering blue altar of Sif Muna.
  1116 | D:2      | Learned a level 2 spell: Blink
  1151 | D:2      | Reached XP level 3. HP: 20/27 MP: 0/8
  1221 | D:2      | Learned a level 3 spell: Mephitic Cloud
  1784 | D:1      | Learned a level 3 spell: Conjure Flame
  1922 | D:3      | Reached skill level 1 in Fighting
  2069 | D:3      | Noticed a gnoll sergeant
  2075 | D:3      | Found a shattered altar of Ashenzari.
  2092 | D:3      | Reached XP level 4. HP: 28/35 MP: 4/9
  2147 | D:3      | Reached skill level 4 in Spellcasting
  2201 | D:4      | Noticed an ogre
  2234 | D:4      | Reached skill level 1 in Long Blades
  2237 | D:4      | HP: 1/35 [hound (5)]
  2238 | D:4      | Slain by a hound

Levels and vault maps discovered:
D:1:      minmay_arrival_radiant_lines, layout_loops_corners
D:2:      layout_rooms, old_standard_altar, tso_metal_star
D:3:      layout_loops_corners, cheibrodos_ashenzari_chains,
          lemuel_doored_altar, uniq_robin, uniq_natasha
D:4:      layout_basic, grunt_temple_overflow_champion_of_chaos, first_ration,
          cheibrodos_sewer_entry_drain, gammafunk_ghost_split

Skill      XL: |  1  2  3  4 |
---------------+-------------+-----
Fighting       | 1 |  1.0
Dodging        | 2 |  2.0
Spellcasting   | 4 |  4.0
Long Blades    | 1 |  1.0
Stealth        | |  1.7
Conjurations   | |  1.4
Summonings     | |  1.0
Translocations | |  1.3
Fire Magic     | |  0.6
Poison Magic   | |  0.1

Action                   |  1- 3 |  4- 6 || total
-------------------------+-------+-------++-------
Melee: Unarmed           |     6 |       ||     6
       Long sword        |    39 |    11 ||    50
       Tailslap          |     2 |     1 ||     3
 Cast: Magic Dart        |    53 |     3 ||    56
       Mephitic Cloud    |     2 |     3 ||     5
 Stab: Sleeping          |     1 |       ||     1
  Eat: Chunk             |     3 |     1 ||     4
Armor: Skin              |    45 |     5 ||    50
Dodge: Dodged            |    70 |    12 ||    82
       Rpst.: Long sword |    11 |     5 ||    16

Table legend:
 A = Non-vault XP
 B = Vault XP
 C = Vault XP percentage of total XP
 D = Non-vault monster count
 E = Vault monster count
 F = Vault count percentage of total count
                 A         B        C        D         E       F
            +---------+---------+-------+---------+---------+-------
      Total |     115 |       0 |   0.0 |      39 |       0 |   0.0
            +---------+---------+-------+---------+---------+-------
        D:1 |      21 |       0 |   0.0 |      12 |       0 |   0.0
        D:2 |      37 |       0 |   0.0 |      15 |       0 |   0.0
        D:3 |      51 |       0 |   0.0 |      11 |       0 |   0.0
        D:4 |       6 |       0 |   0.0 |       1 |       0 |   0.0
            +---------+---------+-------+---------+---------+-------
